 Dungeon Crawl Stone Soup version 0.21-a0-437-ge5bf024 (webtiles) character file.

56 karf the Chopper (level 3, 0/33 HPs)
             Began as a Hill Orc Monk on Nov 9, 2017.
             Slain by a hound (6 damage)
             ... on level 2 of the Dungeon.
             The game lasted 00:02:21 (1013 turns).

karf the Chopper (Hill Orc Monk)                    Turns: 1013, Time: 00:02:22

Health: 0/33       AC:  5    Str: 14    XL:     3   Next: 97%
Magic:  3/3        EV: 13    Int: 10    God:
Gold:   79         SH:  0    Dex: 13    Spells: 2/2 levels left

rFire    . . .     SeeInvis .   a - +0 hand axe
rCold    . . .     Gourm    .   (no shield)
rNeg     . . .     Faith    .   b - +0 robe
rPois    .         Spirit   .   (no helmet)
rElec    .         Reflect  .   (no cloak)
rCorr    .         Harm     .   f - +2 pair of gloves
MR       .....                  (no boots)
Stlth    ++........             (no amulet)
HPRegen  0.11/turn              (no ring)
MPRegen  0.08/turn              (no ring)

@: no status effects
A: no striking features
a: no special abilities


You were on level 2 of the Dungeon.
You were hungry.

You visited 1 branch of the dungeon, and saw 2 of its levels.

You collected 79 gold pieces.

Inventory:

Hand Weapons
 a - a +0 hand axe (weapon)
Armour
 b - a +0 robe (worn)
 f - a +2 pair of gloves (worn)
Scrolls
 g - 4 scrolls of identify {unknown}
 h - a scroll of teleportation {unknown}
 i - a scroll of blinking {unknown}
Potions
 d - a potion of agility {unknown}
 e - a potion of mutation {unknown}
 j - a potion of haste {unknown}
Comestibles
 c - 2 bread rations


   Skills:
 + Level 4.2 Fighting
 * Level 5.2 Axes
 + Level 1.3 Armour
 - Level 2.5 Dodging
 - Level 1.7 Stealth


You had 2 spell levels left.
You didn't know any spells.

Dungeon Overview and Level Annotations

Branches:
Dungeon (2/15)

Altars:


Message History

You barely miss the hound.
The hound is heavily wounded.
The hound barely misses you.
You are feeling hungry.
You closely miss the hound.
The hound is heavily wounded.
The hound misses you. The hound completely misses you.
You barely miss the hound.
The hound is heavily wounded.
The hound bites you but does no damage.
You hit the hound but do no damage.
The hound is heavily wounded.
The hound closely misses you. The hound misses you.
You closely miss the hound.
The hound is heavily wounded.
The hound closely misses you.
You hit the hound.
The hound is severely wounded.
The hound bites you.
You die...

#.###.#...##
########..........#
#............#.).##
###...###########.##
#.......# #.#
#...†)..# #.#
#.......# ##'##
###...### ##...##
#.@.# ##.....# ##h##
##....... #..
#.....).. ....
+.....†.( #####
######... #... #..#
#.## #.##


You could see a hound.

Vanquished Creatures
  2 adders (D:2)
  An ooze (D:1)
  A dart slug (D:1)
  A leopard gecko (D:1)
  A giant cockroach (D:1)
  5 goblins
  4 hobgoblins (D:1)
  3 jackals (D:1)
  2 kobolds (D:1)
  A quokka (D:2)
  3 bats
  A frilled lizard (D:1)
  5 rats
30 creatures vanquished.

Vanquished Creatures (others)
  A bat (D:2)
  A quokka (D:2)
2 creatures vanquished.

Grand Total: 32 creatures vanquished

Notes
Turn   | Place    | Note
-------+----------+-------------------------------------------
     0 | D:1      | karf the Hill Orc Monk began the quest for the Orb.
     0 | D:1      | Reached XP level 1. HP: 19/19 MP: 1/1
   208 | D:1      | Reached XP level 2. HP: 27/27 MP: 2/2
   560 | D:1      | Reached XP level 3. HP: 33/33 MP: 3/3
   739 | D:2      | Reached skill level 1 in Armour
   855 | D:2      | Reached skill level 5 in Axes
  1013 | D:2      | Slain by a hound

Vault maps used:
D:1:      scummos_arrival_gate
D:2:      minmay_misc_feat_rugged, elyvilon_altar_4

Skill      XL: |  1  2  3 |
---------------+----------+-----
Fighting       | 4 |  4.2
Armour         | 1 |  1.3
Axes           | 5 |  5.2
Dodging        | |  2.5
Stealth        | |  1.7

Action                   || total
-------------------------++-------
Melee: Hand axe          ||   124
 Stab: Sleeping          ||     3
       Distracted        ||     1
Armor: Robe              ||    30
Dodge: Dodged            ||    93

Table legend:
 A = Spawn XP
 B = Non-spawn XP
 C = Spawn XP percentage of total XP
 D = Spawn monster count
 E = Non-spawn monster count
 F = Spawn count percentage of total count
 G = Total turns spent on level
                    A         B        C        D         E        F      G
               +---------+---------+-------+---------+---------+-------+---------
         Total |       0 |      81 |   0.0 |       0 |      30 |   0.0 |  1013
               +---------+---------+-------+---------+---------+-------+---------
           D:1 |       0 |      42 |   0.0 |       0 |      20 |   0.0 |   699
           D:2 |       0 |      39 |   0.0 |       0 |      10 |   0.0 |   314
               +---------+---------+-------+---------+---------+-------+---------
